Map: Iron Fortress LE (Void)

Players

Bop - Winner!

  • Race: Protoss Protoss

Bones - Winner!

  • Race: Protoss Protoss

caiobex

  • Race: Protoss Protoss

Puddle

  • Race: Protoss Protoss

VOD

Have the link to the VOD?

Description

Time

  • Played on: May 1, 2015, 11:59 p.m.
  • Length: 4:28
Show
View Real Time Build Order
Export as new Build Order

Bop Protoss - Winner!

Build Orders: Phoenix Opening, Phoenix Opening 

Get SALT Encoding   

  12  0:00  Probe  
  13  0:12  Probe  
  14  0:18  Pylon  
  14  0:33  Probe  
  14  0:41  Probe  
  15  0:44  Gateway  
  16  0:53  Probe  
  17  0:58  Assimilator  
  17  0:59  Assimilator  
  17  1:05  Probe  
  17  1:08  Pylon  
  18  1:14  Probe  
  19  1:23  Probe  
  19  1:31  Cybernetics Core  
  20  1:35  Probe  
  21  1:47  Probe  
  22  1:58  Probe  
  23  2:02  Stalker  
  23  2:04  Mothership Core  
  23  2:08  Warp Gate  
  27  2:19  Pylon  
  27  2:25  Probe  
  28  2:31  Stargate  
  28  2:36  Adept  
  30  2:37  Probe  
  31  2:51  Probe  
  32  2:56  Pylon  
  32  2:58  Gateway  
  32  3:08  Stalker  
  32  3:09  Phoenix  
  36  3:27  Probe  
  36  3:29  Phoenix  
  37  3:41  Pylon  
  39  3:46  Pylon  
  39  3:51  Phoenix  
  41  4:13  Probe, Nexus  
Show
View Real Time Build Order
Export as new Build Order

Bones Protoss - Winner!

Build Orders: Oracle Opening, Oracle Opening 

Get SALT Encoding   

  12  0:01  Probe  
  13  0:14  Pylon  
  13  0:33  Gateway  
  14  0:44  Assimilator  
  14  0:46  Probe (Chrono Boost)  
  14  0:53  Probe  
  15  1:01  Probe  
  15  1:02  Assimilator  
  16  1:12  Probe (Chrono Boost)  
  17  1:24  Probe (Chrono Boost)  
  18  1:29  Zealot  
  20  1:33  Cybernetics Core  
  20  1:35  Pylon  
  20  1:52  Probe  
  21  2:02  Probe (Chrono Boost)  
  22  2:09  Warp Gate  
  22  2:13  Pylon  
  22  2:14  Probe (Chrono Boost)  
  23  2:21  Probe (Chrono Boost)  
  24  2:32  Stalker, Stargate  
  26  2:50  Robotics Facility  
  26  2:52  Pylon  
  25  3:14  Stalker  
  27  3:26  Mothership Core  
  32  3:28  Oracle (Chrono Boost)  
  32  3:39  Immortal  
  35  3:59  Probe  
  36  4:07  Probe  
  36  4:13  Pylon  
Show
View Real Time Build Order
Export as new Build Order

caiobex Protoss 

Build Orders:  

Get SALT Encoding   

Show
View Real Time Build Order
Export as new Build Order

Puddle Protoss 

Build Orders:  

Get SALT Encoding   

Tags
 
Add a new tag
Caveats
  • Supply blocks, unpowered buildings, or Contaminate may cause inaccurate times.
  • Supply counts are checked every 10 seconds.